 Dungeon Crawl Stone Soup version 0.30-a0-377-g5cb311bc9f (webtiles) character file.

Game seed: 2371130249162686866

105 zishaf the Sneak (level 4, 0/24 HPs)
             Began as a Vine Stalker Brigand on Nov 28, 2022.
             Succumbed to an orc priest's poison
             ... on level 3 of the Dungeon.
             The game lasted 00:03:01 (1843 turns).

zishaf the Sneak (Vine Stalker Brigand)             Turns: 1843, Time: 00:03:01

Health: 0/24       AC:  8    Str: 14    XL:     4   Next: 81%
Magic:  3/5        EV: 10    Int: 11    God:
Gold:   91         SH:  0    Dex: 17    Spells: 3/3 levels left

rFire   . . .      SeeInvis .    l - +0 short sword (vamp)
rCold   . . .      Faith    .    (no shield)
rNeg    . . .      Spirit   +    j - +0 ring mail
rPois   .          Reflect  .    (no helmet)
rElec   .          Harm     .    c - +0 cloak
rCorr   .          Rampage  .    s - +0 pair of gloves
Will    .....                    g - +0 pair of boots
Stlth   ++........               (no amulet)
HPRegen 1.04/turn                (no ring)
MPRegen 0.09/turn                (no ring)

@: lethally poisoned (0 -> -7)
A: fangs 2, regeneration 1, magic shield, antimagic bite, no potion heal 2
a: no special abilities


You were on level 3 of the Dungeon.
You visited 1 branch of the dungeon, and saw 3 of its levels.

You collected 91 gold pieces.

Inventory:

Hand Weapons
 a - a +2 dagger
 l - a +0 vampiric short sword (weapon)
 o - a +0 dagger of holy wrath
Missiles
 d - 15 poisoned darts (quivered)
 e - 3 curare-tipped darts
Armour
 b - a +0 robe
 c - a +0 cloak (worn)
 g - a +0 pair of boots (worn)
 j - a +0 ring mail (worn)
 s - a +0 pair of gloves (worn)
Scrolls
 h - 2 scrolls of identify {unknown}
 k - 3 scrolls of teleportation {unknown}
 q - a scroll of enchant weapon {unknown}
 r - a scroll of vulnerability {unknown}
 t - a scroll of poison {unknown}
Potions
 f - a potion of brilliance {unknown}
 i - 2 potions of curing {unknown}
 m - a potion of mutation {unknown}
 n - a potion of ambrosia {unknown}
 p - a potion of haste {unknown}


   Skills:
 + Level 3.1 Fighting
 + Level 3.1 Short Blades
 - Level 2.0 Throwing
 - Level 1.0 Dodging
 - Level 5.0 Stealth


You had 3 spell levels left.
You didn't know any spells.
Your spell library was empty.

Dungeon Overview and Level Annotations

Branches:
Dungeon (3/15)

Altars:


Innate Abilities, Weirdness & Mutations

You have extremely sharp teeth.
Your natural rate of healing is unusually fast.
When hurt, damage is shared between your health and your magic reserves.
Your bite disrupts and absorbs the magic of your enemies.
Potions cannot restore your health.


Message History

a +0 dagger; a +0 robe; an orc corpse
Things that are here:
a +0 flail; an orc corpse
Things that are here:
a +0 scale mail; a +0 hand axe; an orc corpse
There is a stone staircase leading down here.
You climb downwards.
The orc closely misses you. The orc hits you but does no damage.
There is a stone staircase leading up here.
You closely miss the orc. The orc hits you but does no damage.
You hit the orc.
The orc is severely wounded.
You barely miss the orc.
The orc is severely wounded.
The orc hits you with a +0 club.
You hit the orc.
You kill the orc!
No target in view!
No target in view!
An orc priest is nearby!
The orc priest hits you from afar with a +0 trident of venom.
You are poisoned.
You feel very sick.
The orc priest mumbles some strange prayers to Beogh against you.
Beogh smites you!
You closely miss the orc priest. You bite the orc priest. You drain its power.
You feel invigorated.
The orc priest is lightly wounded.
You feel sick.
The orc priest hits you with a +0 trident of venom.
You are more poisoned.
You are too injured to fight recklessly!
You are too injured to fight recklessly!
You feel very sick.
The orc priest hits you from afar with a +0 trident of venom.
* * * LOW HITPOINT WARNING * * *
You are lethally poisoned!
* * * LOW HITPOINT WARNING * * *
You feel very sick.
You die...

#.#### #.#.. #.#.#
##.#.######.
.######...........
.........#.#######
.................#
........#..)<###.#
#######.#...@#.#.#####
#...................+
#.)##...##..#.#.####
#...........o#.#.#
..#.#.###.....#.#
..... #.......#####
J..... #...#.......#
###.## #.......#..S...
#. #.#.###.# ####.


You could see an orc priest.

Vanquished Creatures
  An orc wizard (D:2)
  4 adders (D:2)
  A dart slug (D:2)
  3 orcs
  2 ball pythons
  6 endoplasms
  2 giant cockroaches (D:1)
  2 goblins
  6 hobgoblins
  3 bats (D:1)
  3 frilled lizards (D:1)
  3 kobolds
  5 rats
41 creatures vanquished.

Notes
Turn   | Place    | Note
-------+----------+-------------------------------------------
     0 | D:1      | zishaf the Vine Stalker Brigand began the quest for the
                  | Orb.
     0 | D:1      | Reached XP level 1. HP: 11/11 MP: 2/2
   150 | D:1      | Reached skill level 1 in Dodging
   150 | D:1      | Reached XP level 2. HP: 15/15 MP: 3/3
   189 | D:1      | Reached skill level 5 in Stealth
   877 | D:2      | Reached XP level 3. HP: 18/18 MP: 4/4
  1552 | D:2      | Gained mutation: Your natural rate of healing is unusually
                  | fast. [Vine Stalker growth]
  1552 | D:2      | Reached XP level 4. HP: 23/23 MP: 5/5
  1843 | D:3      | Succumbed to an orc priest's poison

Illustrated notes

Levels and vault maps discovered:
D:1:      minmay_arrival_shattered_statue, layout_basic
D:2:      layout_loops_corners
D:3:      minmay_evil_eye, layout_basic, vehumet_crystals,
          chequers_decorated_corner, minmay_misc_feat_rows

Skill      XL: |  1  2  3  4 |
---------------+-------------+-----
Dodging        | 1 |  1.0
Throwing       | 2 |  2.0
Stealth        | 5 |  5.0
Fighting       | 2 3 |  3.1
Short Blades   | 2 3 |  3.1

Action                   |  1- 3 |  4- 6 || total
-------------------------+-------+-------++-------
Melee: Dagger            |    28 |       ||    28
       Bite              |    14 |    13 ||    27
       Short sword       |    45 |    46 ||    91
 Stab: Sleeping          |    12 |     1 ||    13
Armor: Robe              |     4 |       ||     4
       Ring mail         |    16 |    28 ||    44
Dodge: Dodged            |    27 |    25 ||    52

Table legend: (Time is in decaauts)
 A = Elapsed time spent in this place.
 B = Non-inter-level travel time spent in this place.
 C = Inter-level travel time spent in this place.
 D = Time resting spent in this place.
 E = Time spent auto-exploring this place.
 F = Levels seen in this place.
 G = Mean time per level.
                   A        B        C        D        E       F      G
               +--------+--------+--------+--------+--------+-----+--------+
         Total |   1830 |   1812 |     18 |    110 |   1352 |   3 |  610.0 |
       Dungeon |   1830 |   1812 |     18 |    110 |   1352 |   3 |  610.0 |
               +--------+--------+--------+--------+--------+-----+--------+

Top non-repeatable levels by time:
     D:2: 929 daAuts
     D:1: 850 daAuts
     D:3: 50 daAuts
